| TOP OF THE 1ST |
|
New Jersey Devils batting - Pitching for Canton Indians : RHP Ian Nordquist
|
|
Pitching: RHP Ian Nordquist
|
|
|
Batting: LHB Matt Baker
|
0-0: Called Strike 0-1: Ball 1-1: Ground out 3-1 (Groundball, 34S, EV 85.6 MPH)
|
|
Batting: LHB Bayesa Mundhir
|
0-0: Ball 1-0: Called Strike 1-1: Fly out, F6 (Popup, 6, EV 54.4 MPH)
|
|
Batting: RHB Bobby Coulombe
|
0-0: Ball 1-0: Foul Ball, location: 2F 1-1: Ball 2-1: SOLO HOME RUN (Flyball, 7D, EV 100.6 MPH), Distance : 388 ft
|
|
Batting: RHB Gang-sheng Chew
|
0-0: Called Strike 0-1: Foul Ball, location: 2F 0-2: Ball 1-2: Fly out, F3 (Popup, 34, EV 74.4 MPH)
|
| Top of the 1st over - 1 run, 1 hit, 0 errors, 0 left on base; New Jersey 1 - Canton 0 |
| BOTTOM OF THE 1ST |
|
Canton Indians batting - Pitching for New Jersey Devils : RHP Adrian Colorado
|
|
Pitching: RHP Adrian Colorado
|
|
|
Batting: RHB Kenzo Shinoda
|
0-0: Called Strike 0-1: Called Strike 0-2: DOUBLE (Line Drive, 3D, EV 96.9 MPH)
|
|
Batting: LHB Costodio Varino
|
0-0: Foul Ball, location: 2F 0-1: Called Strike 0-2: Ball 1-2: Strikes out swinging
|
|
Batting: RHB Carlos Abrego
|
0-0: Ball 1-0: Fly out, F3 (Line Drive, 3, EV 71.9 MPH)
|
|
Batting: LHB Dave Key
|
0-0: Called Strike 0-1: Foul Ball, location: 2F 0-2: Ball 1-2: Foul Ball, location: 2F 1-2: Strikes out swinging
|
| Bottom of the 1st over - 0 runs, 1 hit, 0 errors, 1 left on base; New Jersey 1 - Canton 0 |
| TOP OF THE 2ND |
|
New Jersey Devils batting - Pitching for Canton Indians : RHP Ian Nordquist
|
|
Batting: RHB Chris Artz
|
0-0: Ball 1-0: Foul Ball, location: 2F 1-1: SINGLE (Groundball, 5D, EV 102.5 MPH)
|
|
Batting: SHB Alex Cavazos
|
0-0: DOUBLE (Line Drive, 78D, EV 109.4 MPH) Chris Artz to third
|
|
Batting: SHB Jerry Burrows
|
0-0: Called Strike 0-1: Fly out, F9 (Flyball, 89M, EV 84.4 MPH)
|
|
Pitching: RHP Chris Cohen
|
|
|
Batting: SHB Keith Casner
|
0-0: Ball 1-0: Foul Ball, location: 2F 1-1: Ball 2-1: Swinging Strike 2-2: Strikes out swinging
|
|
Batting: RHB Mike Hanks
|
0-0: Foul Ball, location: 2F 0-1: Swinging Strike 0-2: Strikes out swinging
|
| Top of the 2nd over - 0 runs, 2 hits, 0 errors, 2 left on base; New Jersey 1 - Canton 0 |
| BOTTOM OF THE 2ND |
|
Canton Indians batting - Pitching for New Jersey Devils : RHP Adrian Colorado
|
|
Batting: LHB Shane Montalvo
|
0-0: Ball 1-0: Called Strike 1-1: Ball 2-1: Called Strike 2-2: SINGLE (Line Drive, 3D, EV 95.6 MPH)
|
|
Batting: RHB Kevin Trull
|
0-0: Ball 1-0: SINGLE (Groundball, 4MD, EV 105.6 MPH) Shane Montalvo to second
|
|
Batting: RHB John Bianconi
|
0-0: Called Strike 0-1: Called Strike 0-2: Ball 1-2: Foul Ball, location: 2F 1-2: Ball 2-2: Foul Ball, location: 2F 2-2: Ball 3-2: Strikes out looking
|
|
Batting: RHB Eric Kuck
|
0-0: Ball 1-0: Ball 2-0: Ball 3-0: Base on Balls Shane Montalvo to third Kevin Trull to second
|
|
Batting: LHB Rich Walker
|
0-0: Ball 1-0: Called Strike 1-1: Swinging Strike 1-2: Ball 2-2: Strikes out swinging
|
|
Batting: RHB Kenzo Shinoda
|
0-0: Ball 1-0: Fielders Choice at 2nd, 5-4 (Groundball, 56, EV 88.8 MPH)
|
| Bottom of the 2nd over - 0 runs, 2 hits, 0 errors, 3 left on base; New Jersey 1 - Canton 0 |
| TOP OF THE 3RD |
|
New Jersey Devils batting - Pitching for Canton Indians : RHP Chris Cohen
|
|
Batting: LHB Matt Baker
|
0-0: Foul Ball, location: 2F 0-1: Ball 1-1: Ball 2-1: Swinging Strike 2-2: Strikes out looking
|
|
Batting: LHB Bayesa Mundhir
|
0-0: Ball 1-0: Foul Ball, location: 2F 1-1: Swinging Strike 1-2: Ball 2-2: Fly out, F7 (Line Drive, 7, EV 91.9 MPH)
|
|
Pitching: RHP Terry Sterling
|
|
|
Batting: RHB Bobby Coulombe
|
0-0: Ball 1-0: Foul Ball, location: 2F 1-1: Ground out 6-3 (Groundball, 56, EV 88.1 MPH)
|
| Top of the 3rd over - 0 runs, 0 hits, 0 errors, 0 left on base; New Jersey 1 - Canton 0 |
| BOTTOM OF THE 3RD |
|
Canton Indians batting - Pitching for New Jersey Devils : RHP Adrian Colorado
|
|
Batting: LHB Costodio Varino
|
0-0: Ball 1-0: Called Strike 1-1: Swinging Strike 1-2: Ball 2-2: Strikes out swinging
|
|
Batting: RHB Carlos Abrego
|
0-0: Ball 1-0: Called Strike 1-1: Fly out, F9 (Flyball, 9LM, EV 76.9 MPH)
|
|
Batting: LHB Dave Key
|
0-0: Ball 1-0: Foul Ball, location: 2F 1-1: Ball 2-1: Swinging Strike 2-2: Strikes out swinging
|
| Bottom of the 3rd over - 0 runs, 0 hits, 0 errors, 0 left on base; New Jersey 1 - Canton 0 |
| TOP OF THE 4TH |
|
New Jersey Devils batting - Pitching for Canton Indians : RHP Terry Sterling
|
|
Batting: RHB Gang-sheng Chew
|
0-0: Swinging Strike 0-1: Ball 1-1: Ball 2-1: Foul Ball, location: 2F 2-2: Ball 3-2: Fly out, F3 (Flyball, 34D, EV 80.6 MPH)
|
|
Batting: RHB Chris Artz
|
0-0: Called Strike 0-1: Ball 1-1: Ball 2-1: Fly out, F8 (Flyball, 78XD, EV 105.0 MPH)
|
|
Batting: SHB Alex Cavazos
|
0-0: DOUBLE (Line Drive, 9LD, EV 103.8 MPH)
|
|
Batting: SHB Jerry Burrows
|
0-0: Ground out 4-3 (Groundball, 4S, EV 85.0 MPH)
|
| Top of the 4th over - 0 runs, 1 hit, 0 errors, 1 left on base; New Jersey 1 - Canton 0 |
| BOTTOM OF THE 4TH |
|
Canton Indians batting - Pitching for New Jersey Devils : RHP Adrian Colorado
|
|
Batting: LHB Shane Montalvo
|
0-0: Ball 1-0: Swinging Strike 1-1: SINGLE (Line Drive, 78S, EV 95.0 MPH)
|
|
Batting: RHB Kevin Trull
|
0-0: Ball 1-0: Swinging Strike 1-1: Fly out, F4 (Flyball, 34D, EV 89.4 MPH)
|
|
Batting: RHB John Bianconi
|
0-0: Ball 1-0: Called Strike 1-1: Swinging Strike 1-2: Ball 2-2: Foul Ball, location: 2F 2-2: Strikes out swinging Shane Montalvo steals 2nd base Batter strikes out.
|
|
Batting: RHB Eric Kuck
|
0-0: Ball 1-0: Ball 2-0: Ball 3-0: Base on Balls
|
|
Batting: LHB Rich Walker
|
0-0: Ball 1-0: Foul Ball, location: 2F 1-1: Foul Ball, location: 2F 1-2: Foul Ball, location: 2F 1-2: Ball 2-2: Foul Ball, location: 2F 2-2: Ball 3-2: Strikes out swinging
|
| Bottom of the 4th over - 0 runs, 1 hit, 0 errors, 2 left on base; New Jersey 1 - Canton 0 |
| TOP OF THE 5TH |
|
New Jersey Devils batting - Pitching for Canton Indians : RHP Terry Sterling
|
|
Batting: SHB Keith Casner
|
0-0: Ball 1-0: Called Strike 1-1: Ball 2-1: Swinging Strike 2-2: Ground out 4-3 (Groundball, 4, EV 106.2 MPH)
|
|
Pitching: RHP Nate Souza
|
|
|
Batting: RHB Mike Hanks
|
0-0: Foul Ball, location: 2F 0-1: Ball 1-1: Called Strike 1-2: Strikes out swinging
|
|
Batting: LHB Matt Baker
|
0-0: Ball 1-0: Ball 2-0: Foul Ball, location: 2F 2-1: Ball 3-1: Ground out 2-3 (Groundball, 2L, EV 71.2 MPH)
|
| Top of the 5th over - 0 runs, 0 hits, 0 errors, 0 left on base; New Jersey 1 - Canton 0 |
| BOTTOM OF THE 5TH |
|
Canton Indians batting - Pitching for New Jersey Devils : RHP Adrian Colorado
|
|
Batting: RHB Kenzo Shinoda
|
0-0: Called Strike 0-1: Called Strike 0-2: Strikes out swinging
|
|
Batting: LHB Costodio Varino
|
0-0: Foul Ball, location: 2F 0-1: Ground out 1-3 (Groundball, 13, EV 67.5 MPH)
|
|
Batting: RHB Carlos Abrego
|
0-0: Ball 1-0: Foul Ball, location: 2F 1-1: Ball 2-1: Foul Ball, location: 2F 2-2: Ball 3-2: Base on Balls
|
|
Batting: LHB Dave Key
|
0-0: Ball 1-0: Ground out U3 (Groundball, 3, EV 86.2 MPH)
|
| Bottom of the 5th over - 0 runs, 0 hits, 0 errors, 1 left on base; New Jersey 1 - Canton 0 |
| TOP OF THE 6TH |
|
New Jersey Devils batting - Pitching for Canton Indians : RHP Nate Souza
|
|
Batting: LHB Bayesa Mundhir
|
0-0: Called Strike 0-1: Ball 1-1: SINGLE (Flyball, 8LS, EV 94.4 MPH)
|
|
Batting: RHB Bobby Coulombe
|
0-0: Ball 1-0: Ball 2-0: Ball 3-0: Called Strike 3-1: Fly out, F3 (Popup, 3F, EV 75.0 MPH)
|
|
Batting: RHB Gang-sheng Chew
|
0-0: Ball 1-0: Called Strike 1-1: Foul Ball, location: 2F 1-2: Ball 2-2: Ball 3-2: Base on Balls Bayesa Mundhir to second
|
|
Pitching: RHP Howard Allen
|
|
|
Batting: RHB Chris Artz
|
0-0: Ball 1-0: Foul Ball, location: 2F 1-1: Ball 2-1: Called Strike 2-2: Ball 3-2: Grounds into double play, 6-4-3 (Groundball, 6, EV 81.2 MPH)
|
| Top of the 6th over - 0 runs, 1 hit, 0 errors, 1 left on base; New Jersey 1 - Canton 0 |
| BOTTOM OF THE 6TH |
|
Canton Indians batting - Pitching for New Jersey Devils : RHP Adrian Colorado
|
|
Batting: LHB Shane Montalvo
|
0-0: Ball 1-0: SINGLE (Line Drive, 7S, EV 103.8 MPH)
|
|
Batting: RHB Kevin Trull
|
0-0: Ball Shane Montalvo steals 2nd base 1-0: Foul Ball, location: 2F 1-1: Foul Ball, location: 2F 1-2: Ball 2-2: Foul Ball, location: 2F 2-2: Foul Ball, location: 2F 2-2: Foul Ball, location: 2F 2-2: Foul Ball, location: 2F 2-2: Fly out, F8 (Line Drive, 8LM, EV 96.2 MPH)
|
|
Batting: RHB John Bianconi
|
0-0: Ball 1-0: Fly out, F7 (Line Drive, 7, EV 86.2 MPH)
|
|
Batting: RHB Eric Kuck
|
0-0: Ball 1-0: Ball 2-0: TRIPLE (Flyball, 89XD, EV 95.0 MPH) Shane Montalvo scores
|
|
Batting: LHB Rich Walker
|
0-0: Foul Ball, location: 2F 0-1: Ball 1-1: Foul Ball, location: 2F 1-2: Ball 2-2: Fly out, F9 (Flyball, 9LM, EV 105.6 MPH)
|
| Bottom of the 6th over - 1 run, 2 hits, 0 errors, 1 left on base; New Jersey 1 - Canton 1 |
| TOP OF THE 7TH |
|
New Jersey Devils batting - Pitching for Canton Indians : RHP Howard Allen
|
|
Batting: SHB Alex Cavazos
|
0-0: Fly out, F7 (Flyball, 7S, EV 85.0 MPH)
|
|
Batting: SHB Jerry Burrows
|
0-0: Hit by Pitch
|
|
Batting: SHB Keith Casner
|
0-0: Called Strike 0-1: Swinging Strike 0-2: SINGLE (Line Drive, 9S, EV 98.8 MPH) Jerry Burrows to second Runner from 2nd tries for 3rd, SAFE, throw by RF made to third
|
|
Pinch Hitting: SHB Nick Daigle
|
0-0: Called Strike 0-1: SINGLE (Groundball, 34D, EV 109.4 MPH) Jerry Burrows scores Keith Casner to second Runner from 2nd tries for 3rd, SAFE, throw by RF made to third
|
|
Batting: LHB Matt Baker
|
0-0: Fly out, F6 (Flyball, 6MD, EV 81.9 MPH)
|
|
Batting: LHB Bayesa Mundhir
|
0-0: Ball 1-0: SINGLE (Line Drive, 4MD, EV 106.9 MPH) Keith Casner scores Nick Daigle to second
|
|
Batting: RHB Bobby Coulombe
|
0-0: Called Strike 0-1: Foul Ball, location: 2F 0-2: SINGLE (Line Drive, 34D, EV 94.4 MPH) Nick Daigle to third Bayesa Mundhir to second Runner from 3rd tries for Home, SAFE, throw by RF to home
|
|
Batting: RHB Gang-sheng Chew
|
0-0: Ball 1-0: Called Strike 1-1: Foul Ball, location: 2F 1-2: Ball 2-2: Strikes out swinging
|
| Top of the 7th over - 3 runs, 4 hits, 0 errors, 2 left on base; New Jersey 4 - Canton 1 |
| BOTTOM OF THE 7TH |
|
Canton Indians batting - Pitching for New Jersey Devils : RHP Adrian Colorado
|
|
Now at 1B: Justin Wallace
|
|
|
Batting: RHB Kenzo Shinoda
|
0-0: Ball 1-0: Ball 2-0: Ground out 6-3 (Groundball, 6, EV 104.4 MPH)
|
|
Batting: LHB Costodio Varino
|
0-0: Called Strike 0-1: Ball 1-1: Ball 2-1: SINGLE (Line Drive, 89M, EV 86.9 MPH)
|
|
Batting: RHB Carlos Abrego
|
0-0: Ball 1-0: Ball 2-0: Fielders Choice at 2nd, 3-6 (Groundball, 34S, EV 80.6 MPH)
|
|
Batting: LHB Dave Key
|
0-0: Foul Ball, location: 2F 0-1: Swinging Strike 0-2: SINGLE (Groundball, P, EV 80.0 MPH) (infield hit) Carlos Abrego to second
|
|
Batting: LHB Shane Montalvo
|
0-0: Ball 1-0: Ball 2-0: Ball 3-0: Base on Balls Carlos Abrego to third Dave Key to second
|
|
Batting: RHB Kevin Trull
|
0-0: Foul Ball, location: 2F 0-1: Fly out, F8 (Line Drive, 8RM, EV 95.0 MPH)
|
| Bottom of the 7th over - 0 runs, 2 hits, 0 errors, 3 left on base; New Jersey 4 - Canton 1 |
| TOP OF THE 8TH |
|
New Jersey Devils batting - Pitching for Canton Indians : RHP Howard Allen
|
|
Batting: RHB Chris Artz
|
0-0: Fly out, F5 (Popup, 56S, EV 88.8 MPH)
|
|
Batting: SHB Alex Cavazos
|
0-0: Foul Ball, location: 2F 0-1: Foul Ball, location: 2F 0-2: Ball 1-2: Foul Ball, location: 2F 1-2: Strikes out looking
|
|
Batting: SHB Jerry Burrows
|
0-0: Ball 1-0: Ground out 5-3 (Groundball, 56, EV 104.4 MPH)
|
| Top of the 8th over - 0 runs, 0 hits, 0 errors, 0 left on base; New Jersey 4 - Canton 1 |
| BOTTOM OF THE 8TH |
|
Canton Indians batting - Pitching for New Jersey Devils : RHP Adrian Colorado
|
|
Batting: RHB John Bianconi
|
0-0: Ball 1-0: Ground out 4-3 (Groundball, 4, EV 105.0 MPH)
|
|
Batting: RHB Eric Kuck
|
0-0: Ball 1-0: Ball 2-0: Called Strike 2-1: Called Strike 2-2: Ball 3-2: SINGLE (Line Drive, 34, EV 107.5 MPH)
|
|
Batting: LHB Rich Walker
|
0-0: Foul Ball, location: 2F 0-1: 2-RUN HOME RUN (Line Drive, 9D, EV 101.2 MPH), Distance : 400 ft
|
|
Batting: RHB Kenzo Shinoda
|
0-0: Ball 1-0: Called Strike 1-1: SINGLE (Groundball, 34D, EV 105.0 MPH)
|
|
Batting: LHB Costodio Varino
|
0-0: Foul Ball, location: 2F 0-1: Foul Ball, location: 2F 0-2: Ball 1-2: 2-RUN HOME RUN (Flyball, 9D, EV 103.1 MPH), Distance : 394 ft
|
|
Batting: RHB Carlos Abrego
|
0-0: SINGLE (Groundball, 23, EV 68.1 MPH) (infield hit)
|
|
Batting: LHB Dave Key
|
0-0: Ball 1-0: Called Strike 1-1: 2-RUN HOME RUN (Flyball, 8LXD, EV 108.1 MPH), Distance : 438 ft
|
|
Pitching: LHP Joe Edwards
|
|
|
Batting: LHB Shane Montalvo
|
0-0: Foul Ball, location: 2F 0-1: Called Strike 0-2: Fly out, F7 (Flyball, 78D, EV 91.9 MPH)
|
|
Batting: RHB Kevin Trull
|
0-0: Ball 1-0: SOLO HOME RUN (Flyball, 7LD, EV 96.2 MPH), Distance : 363 ft
|
|
Batting: RHB John Bianconi
|
0-0: Ball 1-0: Swinging Strike 1-1: Ground out 4-3 (Groundball, 4, EV 81.2 MPH)
|
| Bottom of the 8th over - 7 runs, 7 hits, 0 errors, 0 left on base; New Jersey 4 - Canton 8 |
| TOP OF THE 9TH |
|
New Jersey Devils batting - Pitching for Canton Indians : RHP Howard Allen
|
|
Batting: SHB Keith Casner
|
0-0: Ground out 1-3 (Groundball, 34S, EV 70.0 MPH)
|
|
Batting: SHB Justin Wallace
|
0-0: Foul Ball, location: 2F 0-1: Ball 1-1: SINGLE (Groundball, 4MD, EV 106.9 MPH)
|
|
Batting: LHB Matt Baker
|
0-0: SINGLE (Line Drive, 89S, EV 102.5 MPH) Justin Wallace to second
|
|
Batting: LHB Bayesa Mundhir
|
0-0: Ball 1-0: Ball 2-0: Called Strike 2-1: SINGLE (Flyball, 7LS, EV 85.0 MPH) Justin Wallace to third Matt Baker to second
|
|
Batting: RHB Bobby Coulombe
|
0-0: Ball 1-0: Ball 2-0: Ball 3-0: Base on Balls Justin Wallace scores Matt Baker to third Bayesa Mundhir to second
|
|
Batting: RHB Gang-sheng Chew
|
0-0: Called Strike 0-1: Foul Ball, location: 2F 0-2: Hit by Pitch Matt Baker scores Bayesa Mundhir to third Bobby Coulombe to second
|
|
Pinch Hitting: LHB Dan Bremseth
|
0-0: SINGLE (Line Drive, 34D, EV 96.9 MPH) Bayesa Mundhir scores Bobby Coulombe to third Gang-sheng Chew to second Runner from 3rd tries for Home, SAFE, throw by RF to home
|
|
Batting: SHB Alex Cavazos
|
0-0: Ball 1-0: Foul Ball, location: 2F 1-1: Foul Ball, location: 2F 1-2: Ball 2-2: Foul Ball, location: 2F 2-2: Ball 3-2: Base on Balls Gang-sheng Chew to third Dan Bremseth to second
|
|
Pinch Hitting: RHB Jose Lara
|
0-0: Called Strike 0-1: Ball 1-1: Swinging Strike 1-2: SINGLE (Groundball, 4MD, EV 110.0 MPH) Gang-sheng Chew scores Dan Bremseth to third Alex Cavazos to second Runner from 3rd tries for Home, throw by CF and OUT! 8-2
|
|
Pitching: RHP Steve Gusman
|
|
|
Batting: SHB Keith Casner
|
0-0: Foul Ball, location: 2F 0-1: Foul Ball, location: 2F 0-2: Ball Wild Pitch! Alex Cavazos to third Jose Lara to second 1-2: Ball 2-2: DOUBLE (Line Drive, 9LM, EV 105.6 MPH) Alex Cavazos scores Jose Lara scores
|
|
Batting: SHB Justin Wallace
|
0-0: Foul Ball, location: 2F 0-1: Foul Ball, location: 2F 0-2: Foul Ball, location: 2F 0-2: Ball 1-2: Ball 2-2: Ball 3-2: Foul Ball, location: 2F 3-2: Fly out, F7 (Flyball, 78XD, EV 103.1 MPH)
|
| Top of the 9th over - 7 runs, 6 hits, 0 errors, 1 left on base; New Jersey 11 - Canton 8 |
| BOTTOM OF THE 9TH |
|
Canton Indians batting - Pitching for New Jersey Devils : LHP Joe Edwards
|
|
Now at 2B: Chris Graham
|
|
|
Now in LF: Larry Shoop
|
|
|
Batting: RHB Eric Kuck
|
0-0: Ball 1-0: Ball 2-0: Ball 3-0: Called Strike 3-1: Foul Ball, location: 2F 3-2: Foul Ball, location: 2F 3-2: Strikes out swinging
|
|
Batting: LHB Rich Walker
|
0-0: Ball 1-0: Ground out 1-3 (Groundball, 13S, EV 68.1 MPH)
|
|
Batting: RHB Kenzo Shinoda
|
0-0: Ball 1-0: Called Strike 1-1: Ball 2-1: SINGLE (Line Drive, 3D, EV 95.0 MPH)
|
|
Batting: LHB Costodio Varino
|
0-0: Swinging Strike 0-1: Ball 1-1: Ball 2-1: 2-RUN HOME RUN (Flyball, 89XD, EV 103.1 MPH), Distance : 413 ft
|
|
Pitching: LHP Keith Noftall
|
|
|
Batting: RHB Carlos Abrego
|
0-0: Ground out 6-3 (Groundball, 6, EV 85.6 MPH)
|
| Bottom of the 9th over - 2 runs, 2 hits, 0 errors, 0 left on base; New Jersey 11 - Canton 10 |
|